 Dungeon Crawl Stone Soup version 0.16-a0-3272-g378764d (webtiles) character file.

1645 chelath the Chopper (level 8, 71/71 HPs)
             Began as a Minotaur Fighter on Aug 16, 2015.
             Was an Initiate of Ru.
             Starved to death
             ... on level 6 of the Dungeon.
             The game lasted 00:40:40 (5718 turns).

chelath the Chopper (Minotaur Fighter)              Turns: 5718, Time: 00:40:40

Health: 71/71      AC: 10    Str: 21    XL:     8   Next: 67%
Magic:  3/3        EV: 10    Int:  5    God:    Ru [......]
Gold:   214        SH: 10    Dex: 12    Spells: 0 memorised, 7 levels left

rFire  . . .     SeeInvis .     a - +1 war axe
rCold  . . .     Clarity  .     b - +0 scale mail
rNeg   . . .     SustAb   .     c - +0 shield
rPois  .         Gourm    .     (helmet restricted)
rElec  .         Spirit   .     k - +0 cloak
rCorr  .         Warding  .     n - +0 pair of gloves
rMut   .         Stasis   .     (no boots)
MR     .....                    (no amulet)
Stlth  ..........               (no ring)
                                (no ring)

@: starving, not resistant to hostile enchantments, extremely unstealthy
A: retaliatory headbutt, horns 2, forlorn
a: Renounce Religion


You were on level 6 of the Dungeon.
You worshipped Ru.
Ru was noncommittal.
You were starving.

You visited 2 branches of the dungeon, and saw 7 of its levels.

You collected 214 gold pieces.

Inventory:

Hand weapons
 a - a +1 war axe (weapon)
Missiles
 f - 115 stones (quivered)
 t - 4 tomahawks
 u - 8 javelins
Armour
 b - a +0 scale mail (worn)
 c - a +0 shield (worn)
 k - a +0 cloak (worn)
 n - a +0 pair of gloves (worn)
Jewellery
 x - an uncursed ring of see invisible {unknown}
Scrolls
 h - a scroll of teleportation
 j - a scroll of fog {unknown}
 m - a scroll of blinking {unknown}
 o - a scroll of magic mapping
 r - 2 scrolls of enchant weapon
 s - a scroll of fear {unknown}
 y - a scroll of immolation {unknown}
 z - a scroll of recharging {unknown}
 A - a scroll of noise {unknown}
 C - a scroll of enchant armour {unknown}
 E - a scroll of remove curse {unknown}
 F - a scroll of amnesia {unknown}
Potions
 e - a potion of might
 g - a potion of berserk rage
 i - a potion of invisibility {unknown}
 p - 4 potions of curing
 q - a potion of haste
 v - a potion of lignification {unknown}
Comestibles
 d - 5 bread rations
 l - 2 slices of pizza
 D - a meat ration


   Skills:
 + Level 6.4 Fighting
 * Level 7.8 Axes
 + Level 2.4 Throwing
 + Level 6.4 Armour
 + Level 4.3 Dodging
 - Level 0.1 Stealth
 + Level 6.1 Shields


You had 7 spell levels left.
You didn't know any spells.

Dungeon Overview and Level Annotations

Branches:
Dungeon (6/15)             Temple (1/1) D:5

Altars:
Cheibriados
Dithmenos
Elyvilon
Fedhas
Gozag
Kikubaaqudgha
Ru
Sif Muna
Trog Wulndraste
Yredelemnul
Zin
The Shining One


Innate Abilities, Weirdness & Mutations

You reflexively headbutt those who attack you in melee.
You have a pair of horns on your head.
You have difficulty communicating with the divine.


Message History

You block the jelly's attack. The jelly hits you but does no damage.
The jelly hits you but does no damage. You block the jelly's attack.
The jelly barely misses you. The jelly hits you but does no damage.
The jelly misses you. You block the jelly's attack.
You block the jelly's attack. You block the jelly's attack.
You block the jelly's attack. The jelly barely misses you.
The jelly barely misses you. You block the jelly's attack.
The jelly closely misses you. You furiously retaliate!
You headbutt the jelly.
You kill the jelly!
You lose consciousness!
You can move again.
You have starved to death.
You die...

##### ###
.##.##
##.#### ###
...#.##
#.....###.#
.####.#
#.........#
## #.##
##.#######.##
# ##.## #@##
##.## # #.)#
#.# #..### #
##.## ..#
##...### .#
#..## #.##
#...... .#
##..###....#
##.....# ..
#......#..#
##....### ..
##....###..##
##......# #.
##..###
#...##
##...##..#
#.. ##.....##
#...###...##
..#


There were no monsters in sight!

Vanquished Creatures
  Pikel (D:5)
  2 ice beasts
  A sky beast (D:6)
  An ogre (D:6)
  A centaur (D:5)
  A gnoll sergeant (D:5)
  A big kobold (D:5)
  2 scorpions
  A jelly (D:6)
  An orc priest (D:6)
  A giant frog zombie (D:5)
  A hound (D:5)
  2 worker ants (D:4)
  An iguana (D:4)
  A hound skeleton (D:5)
  5 gnolls (D:5)
  7 adders
  2 giant mites
  7 worms
  14 orcs
  7 bats
  A bat zombie (D:4)
  2 giant cockroaches
  10 hobgoblins
  13 jackals
  3 quokkas
  A giant newt (D:3)
  A giant spore (D:6)
  10 goblins
  A jackal skeleton (D:4)
  A jackal zombie (D:5)
  28 kobolds
  A quokka skeleton (D:4)
  13 rats
  4 ballistomycetes (D:6)
149 creatures vanquished.

Vanquished Creatures (others)
  A crimson imp (D:5)
  A butterfly (D:5)
  A plant (D:5)
3 creatures vanquished.

Grand Total: 152 creatures vanquished

Notes
Turn   | Place    | Note
--------------------------------------------------------------
     0 | D:1      | chelath, the Minotaur Fighter, began the quest for the Orb.
     0 | D:1      | Reached XP level 1. HP: 19/19 MP: 1/1
   106 | D:1      | Reached skill level 4 in Fighting
   175 | D:1      | Reached XP level 2. HP: 18/27 MP: 1/1
   897 | D:2      | Reached XP level 3. HP: 32/34 MP: 2/2
   999 | D:2      | Found a snail-covered altar of Cheibriados.
  1122 | D:2      | Found an ancient bone altar of Kikubaaqudgha.
  1357 | D:2      | Reached skill level 1 in Dodging
  1372 | D:2      | Reached XP level 4. HP: 37/41 MP: 2/2
  1793 | D:3      | Noticed an ice beast
  1805 | D:3      | Killed an ice beast
  1805 | D:3      | Reached skill level 5 in Fighting
  1805 | D:3      | Reached skill level 1 in Throwing
  1805 | D:3      | Reached XP level 5. HP: 18/48 MP: 2/2
  2323 | D:3      | Found a glowing drain.
  2327 | D:3      | Reached XP level 6. HP: 56/56 MP: 3/3
  2696 | D:4      | Reached skill level 5 in Shields
  2714 | D:4      | Found a glowing golden altar of the Shining One.
  2715 | D:4      | Found a glowing silver altar of Zin.
  2715 | D:4      | Found a white marble altar of Elyvilon.
  3213 | D:5      | Entered Level 5 of the Dungeon
  3303 | D:5      | Reached skill level 5 in Armour
  3326 | D:5      | Reached skill level 5 in Axes
  3333 | D:5      | Reached XP level 7. HP: 50/61 MP: 3/3
  3398 | D:5      | Noticed Pikel
  3411 | D:5      | Killed Pikel
  3411 | D:5      | Reached skill level 6 in Axes
  3411 | D:5      | Reached XP level 8. HP: 65/70 MP: 3/3
  3641 | D:5      | Reached skill level 7 in Axes
  3753 | D:5      | Found a staircase to the Ecumenical Temple.
  4126 | D:5      | Found a snail-covered altar of Cheibriados.
  4131 | Temple   | Entered the Ecumenical Temple
  4144 | Temple   | Became a worshipper of Wulndraste the Wayfarer
  4186 | Temple   | Fell from the grace of Wulndraste
  4186 | Temple   | Became a worshipper of Ru the Awakened
  4832 | D:6      | Found a shadowy altar of Dithmenos.
  4886 | D:6      | Gained mutation: You have difficulty communicating with the divine. [mutagenic meat]
  5718 | D:6      | Starved to death

Action                   |  1- 3 |  4- 6 |  7- 9 || total
-------------------------+-------+-------+-------++-------
Melee: War axe           |    67 |   147 |    93 ||   307
Throw: Stone             |    35 |    59 |    25 ||   119
  Use: Potion            |     1 |       |     4 ||     5
       Scroll            |       |     3 |     4 ||     7
  Eat: Chunk             |     1 |     7 |     4 ||    12
       Pizza             |       |       |     1 ||     1
